 Dungeon Crawl Stone Soup version 0.29.1-4-g47bece8355 (webtiles) character file.

Game seed: 14488582367702869316

111 fishmans the Chopper (level 4, -8/58 HPs)
             Began as a Minotaur Berserker on Dec 1, 2022.
             Was a Believer of Trog.
             Killed from afar by an orc wizard (11 damage)
             ... with a puff of flame
             ... on level 3 of the Dungeon on Dec 2, 2022.
             The game lasted 00:19:58 (4207 turns).

fishmans the Chopper (Minotaur Berserker)           Turns: 4207, Time: 00:19:58

Health: -8/58      AC:  5    Str: 23    XL:     4   Next: 62%
Magic:  3/3        EV: 11    Int:  4    God:    Trog [**....]
Gold:   178        SH:  0    Dex: 10    Spells: 3/3 levels left

rFire   . . .      SeeInvis .   a - +0 hand axe
rCold   . . .      Faith    .   (no shield)
rNeg    . . .      Spirit   .   h - +0 ring mail
rPois   .          Reflect  .   (helmet restricted)
rElec   .          Harm     .   (no cloak)
rCorr   +          Rampage  .   (no gloves)
Will    .....                   (no boots)
Stlth   ..........              (no amulet)
HPRegen 0.19/turn               j - ring of resist corrosion
MPRegen 0.08/turn               (no ring)

@: berserking (expiring), very quick
A: horns 2, retaliatory headbutt
a: Renounce Religion, Berserk, Trog's Hand


You were on level 3 of the Dungeon.
You worshipped Trog.
Trog was pleased with you.
You visited 1 branch of the dungeon, and saw 3 of its levels.

You collected 178 gold pieces.

Inventory:

Hand Weapons
 a - a +0 hand axe (weapon)
 k - the +6 whip of Crawling {vamp, *Rage +Blink rN+++}
   (You took it off a goblin on level 3 of the Dungeon)

   It occasionally heals its wielder for a portion of the damage dealt when it
   wounds a living foe.
   rN:        It renders you almost immune to negative energy.
   +Blink:    It lets you blink.
   *Rage:     It berserks you when you make melee attacks (+20% chance).
 n - a +2 hammer of protection
Missiles
 c - 30 stones (quivered)
Armour
 b - a +0 animal skin
 h - a +0 ring mail (worn)
Jewellery
 j - a ring of resist corrosion (left hand)
Wands
 l - a wand of acid (6)
Scrolls
 g - a scroll of noise
 m - a scroll of teleportation {unknown}
Potions
 d - 5 potions of lignification
 e - a potion of flight {unknown}
 f - a potion of degeneration {unknown}
 i - 2 potions of curing {unknown}


   Skills:
 - Level 3.6 Fighting
 + Level 6.6 Axes
 - Level 2.4 Armour
 - Level 2.1 Dodging


You had 3 spell levels left.
You didn't know any spells.
Your spell library was empty.

Dungeon Overview and Level Annotations

Branches:
Dungeon (3/15)

Altars:


Innate Abilities, Weirdness & Mutations

You have a pair of horns on your head.
You reflexively headbutt those who attack you in melee.


Message History

The orc hits you but does no damage.
You barely miss the orc. You miss something. Something hits you.
* * * LOW HITPOINT WARNING * * *
The orc hits you with a +0 dagger.
* * * LOW HITPOINT WARNING * * *
You barely miss the orc. You miss something.
Something hits you but does no damage. The orc closely misses you.
You furiously retaliate!
You headbutt the orc. You closely miss the orc.
The orc is severely wounded.
You barely miss something. You closely miss something.
Your headbutt misses something. You hit the orc. Something hits you.
* * * LOW HITPOINT WARNING * * *
The orc hits you with a +0 dagger.
* * * LOW HITPOINT WARNING * * *
You slash the orc!
You kill the orc!
Trog accepts your kill.
You miss something. Something hits you but does no damage.
The orc hits you with a +0 whip.
* * * LOW HITPOINT WARNING * * *
Things that are here:
a +0 dagger; a +0 leather armour; an orc corpse You closely miss the orc.
You closely miss something. Something hits you but does no damage.
The orc barely misses you. You furiously retaliate!
You headbutt the orc!
You kill the orc!
Trog accepts your kill.
You see here a +0 whip.
You slash the orc!
You kill the orc!
Trog accepts your kill.
You hear some strange, mumbled words.
Something tries to affect you, but you resist.
Okay, then.
You hear some strange, mumbled words.
A puff of flame appears from out of thin air!
The puff of flame hits you!
You die...

......##.############.######
...........................#
......##.#######........##.#
...#####.#..<..#........##.#
...### #.#...#)#........##.#
.....# #.#####.#........##.#
...#.# #.......#........##.#
...#.###############.#####.#
.....##....)..))@.......##.#
.....##.###...###{...##.##.#
.###....###.#.##..#### ##.#
.# #....#.(.#.#..## #.#
.#####.##)###.#.## ###
..[.......# #...#
.....##...# #..#######
.....)...)###.....g...
.....###.....#.######.


There were no monsters in sight!

Vanquished Creatures
  4 gnolls
  An adder (D:2)
  A worm (D:3)
  A dart slug (D:2)
  4 orcs (D:3)
  5 ball pythons
  3 endoplasms (D:1)
  A giant cockroach (D:2)
  7 goblins
  6 hobgoblins
  2 jackals (D:1)
  5 kobolds
  4 quokkas (D:1)
  4 bats
  2 frilled lizards
50 creatures vanquished.

Notes
Turn   | Place    | Note
-------+----------+-------------------------------------------
     0 | D:1      | fishmans the Minotaur Berserker began the quest for the
                  | Orb.
     0 | D:1      | Reached XP level 1. HP: 19/19 MP: 0/0
   132 | D:1      | Reached skill level 4 in Axes
   548 | D:1      | Reached XP level 2. HP: 26/26 MP: 1/1
  1148 | D:1      | Reached skill level 5 in Axes
  1148 | D:1      | Reached XP level 3. HP: 29/31 MP: 2/2
  2171 | D:2      | Found a faded altar of an unknown god.
  2243 | D:2      | Reached ** piety under Trog
  3468 | D:3      | Identified the +6 whip of Crawling {vamp, *Rage +Blink
                  | rN+++}
  3471 | D:3      | Reached XP level 4. HP: 39/39 MP: 3/3
  3603 | D:3      | Reached skill level 6 in Axes
  4207 | D:3      | Killed from afar by an orc wizard

Illustrated notes

Levels and vault maps discovered:
D:1:      dpeg_arrival_rooms_c, layout_basic, serial_corexii_hall,
          chequers_hall_statues_y, chequers_hall_statues_corner_a,
          palyth_stone_intersect, minmay_misc_feat_tower
D:2:      layout_basic, chequers_ecumenical_altar_simple
D:3:      layout_basic, mainiacjoe_overflow_six_doors_small,
          lemuel_zombie_altar_yredelemnul, marbit_many_paths,
          nicolae_concentric_dashed_squares_mild, minmay_vboxes,
          uniq_crazy_yiuf_cottage

Skill      XL: |  1  2  3  4 |
---------------+-------------+-----
Axes           | 4 5 6 |  6.6
Fighting       | |  3.6
Armour         | |  2.4
Dodging        | |  2.1

Action                   |  1- 3 |  4- 6 || total
-------------------------+-------+-------++-------
Melee: Hand axe          |    79 |    32 ||   111
       Headbutt          |    10 |     6 ||    16
Invok: Berserk           |       |     2 ||     2
  Use: Scroll            |     5 |       ||     5
Armor: Animal skin       |    10 |       ||    10
       Ring mail         |     4 |    12 ||    16
Dodge: Dodged            |    61 |    23 ||    84
